 Dungeon Crawl Stone Soup version 0.28.0-53-g5a82cb258f (webtiles) character file.

Game seed: 9857502514235960222

5208 Ijustatesigmund the Digger (level 10, -9/63 HPs)
             Began as an Octopode Earth Elementalist on Aug 12, 2022.
             Was an Initiate of Cheibriados.
             Killed from afar by Maurice (10 damage)
             ... with an iceblast
             ... on level 8 of the Dungeon.
             The game lasted 00:30:29 (14974 turns).

Ijustatesigmund the Digger (OpEE)                  Turns: 14974, Time: 00:30:31

Health: -9/63      AC:  1    Str:  8    XL:     10   Next: 60%
Magic:  11/19      EV: 14    Int: 22    God:    Cheibriados [......]
Gold:   224        SH:  0    Dex: 15    Spells: 10/22 levels left

rFire   . . .      SeeInvis .   p - +4 flail (protect)
rCold   . . .      Faith    .   (no shield)
rNeg    + . .      Spirit   .   (helmet restricted)
rPois   .          Reflect  .   (no amulet)
rElec   .          Harm     .   l - ring of resist corrosion
rCorr   +          Rampage  .   w - ring of positive energy
Will    .....                   (no ring)
Stlth   ++++......              (no ring)
HPRegen 0.20/turn               (no ring)
MPRegen 0.16/turn               (no ring)
                                (no ring)
                                (no ring)

@: unable to read, very slow
A: almost no armour, amphibious, 8 rings, camouflage 1, gelatinous body 1,
(nimble swimmer 1), tentacles, inability to read while threatened, devolution 1
a: Renounce Religion


You were on level 8 of the Dungeon.
You worshipped Cheibriados.
Cheibriados was noncommittal.
You visited 2 branches of the dungeon, and saw 9 of its levels.

You collected 425 gold pieces.
You spent 201 gold pieces at shops.

Inventory:

Hand Weapons
 c - a +0 morningstar
 p - a +4 flail of protection (weapon)
 y - a +4 scimitar of flaming
Missiles
 b - 112 stones
 g - 5 throwing nets
Magical Staves
 f - a staff of fire
Jewellery
 l - a ring of resist corrosion (left tentacle)
 w - a ring of positive energy (right tentacle)
Wands
 a - a wand of flame (4)
 h - a wand of digging (5)
 o - a wand of polymorph (7)
 s - a wand of mindburst (12)
 v - a wand of iceblast (12)
Scrolls
 e - a scroll of teleportation
 j - a scroll of blinking
 m - a scroll of fear
 r - a scroll of enchant armour
Potions
 i - 5 potions of curing
 k - a potion of might
 n - a potion of brilliance {unknown}
 q - 2 potions of mutation
 u - a potion of flight {unknown}
 x - a potion of haste
 z - a potion of degeneration {unknown}


   Skills:
 - Level 3.2 Fighting
 - Level 2.2 Maces & Flails
 - Level 3.0 Dodging
 - Level 4.3 Stealth
 + Level 6.5 Spellcasting
 - Level 6.7 Conjurations
 + Level 5.9 Transmutations
 - Level 3.2 Air Magic
 - Level 6.8 Earth Magic
 + Level 4.8 Poison Magic
 + Level 2.9 Invocations
 - Level 1.0 Evocations


You had 10 spell levels left.
You knew the following spells:

 Your Spells              Type           Power      Damage    Failure   Level
a - Sandblast             Erth           74%        2d16      1%          1
b - Stone Arrow           Conj/Erth      74%        3d11      1%          3
c - Passwall              Tmut/Erth      29%        N/A       1%          2
d - Petrify               Tmut/Erth      35%        N/A       6%          4
e - Poisonous Vapours     Pois/Air       48%        N/A       2%          2

Your spell library contained the following spells:

 Spells                   Type           Power      Damage    Failure   Level
 Corpse Rot               Necr/Air       28%        N/A       7%          2
 Swiftness                Air            21%        N/A       7%          3
 Ensorcelled Hibernation  Hex/Ice        14%        N/A       13%         2
 Frozen Ramparts          Ice            14%        1d3       26%         3
 Inner Flame              Hex/Fire       7%         N/A       26%         3
 Ice Form                 Ice/Tmut       20%        N/A       26%         4
 Cause Fear               Hex            3%         N/A       65%         4
 Summon Ice Beast         Ice/Summ       7%         N/A       65%         4
 Summon Forest            Summ/Tloc      3%         N/A       94%         5
 Summon Mana Viper        Hex/Summ       7%         N/A       94%         5
 Summon Cactus Giant      Summ           3%         N/A       100%        6
 Monstrous Menagerie      Summ           3%         N/A       100%        7
 Discord                  Hex            3%         N/A       100%        8


Dungeon Overview and Level Annotations

Branches:
Dungeon (8/15)             Temple (1/1) D:4
   Lair: D:8-11

Altars:
Ashenzari
Cheibriados
Dithmenos
Fedhas
Hepliaklqana
Kikubaaqudgha
Makhleb
Nemelex Xobeh
Okawaru
Qazlal
Ru
Sif Muna
Trog
Uskayaw
Vehumet
Wu Jian
Xom
Zin
The Shining One

Shops:
D:3 *   D:5 (

Annotations:
D:4 aloneDruid's ghost, amateur HuCA
D:8 Laubgeist's ghost, novice DrIE; Maurice


Innate Abilities, Weirdness & Mutations

You cannot wear most types of armour.
You are amphibious.
You can wear up to eight rings at the same time.
Your skin changes colour to match your surroundings (Stealth+).
Your rubbery body absorbs attacks. (AC +1, EV +1)
((You are camouflaged when in or above water. (Stealth+)))
You have tentacles for arms and can constrict up to eight enemies at once.
You sometimes lose the ability to read scrolls when taking damage.
You have hidden genetic defects.


Message History

Press: ? - help, Shift-Dir - straight line The stone arrow hits something!
You feel better.
You hear a zap.
An iceblast appears from out of thin air!
The mass of ice explodes!
The iceblast engulfs you!
The iceblast engulfs something.
It was a potion of mutation.
You feel extremely strange.
You lose the ability to read scrolls when threatened.
You feel a little pissed off.
You feel a hidden malignance growing inside you.
You feel a little more calm. Something hits you.
Something steals your staff of poison!
You closely miss something. Your squeeze misses something.
You hear some strange, mumbled words.
Something barely misses you.
There is a stone staircase leading down here.
Something hits you!
You feel threatened and lose the ability to read scrolls!
Something steals your ring of fire! Something hits you!
* * * LOW HITPOINT WARNING * * *
Something steals 2 of your 3 scrolls of enchant armour!
Laubgeist's ghost says, "I practised a lot since I died."
Something barely misses you.
There is a stone staircase leading down here.
A white imp comes into view.
You hear a zap.
An iceblast appears from out of thin air!
The mass of ice explodes!
The iceblast engulfs you!
* * * LOW HITPOINT WARNING * * *
The iceblast engulfs something!
You cannot read scrolls in your current state!
Okay, then.
Aiming: Mindburst
Press: ? - help, Shift-Dir - straight line Nothing appears to happen.
You hear a zap.
An iceblast appears from out of thin air!
The mass of ice explodes!
The iceblast engulfs you!
You die...

##.#..##. .....##..
###...##8≈. ##....##..#. #
#....##..≈.#
..###.#..#Y#≈.##
#...#....#o#.≈#.
##......#W#c.## ###
###.....@.##hc..##
#...##.......{..##≈.#.##
##...#............##8...≈
...................##..o
.............>......##c##
.......[....[.<[.....##.©.
..#...<5....)........####
#.......................©.
...#.................#....


You could see a centaur warrior, a yak, a black bear, a centaur, an orc wizard,
Laubgeist's ghost and a white imp.

Vanquished Creatures
  Harold (D:8)
  Erica (D:7)
  A cyclops (D:7)
  Grinder (D:4)
  Sigmund (D:5)
  Eustachio (D:6)
  6 humans (D:6)
  Edmund (D:4)
  2 water moccasins
  Pargi (D:3)
  A sky beast (D:5)
  A black bear (D:6)
  2 hornet zombies
  A centaur (D:8)
  2 ogres
  2 phantoms
  2 bullfrogs
  A water moccasin zombie (D:5)
  3 killer bees (D:5)
  A howler monkey (D:7)
  A bullfrog zombie (D:6)
  A centaur zombie (D:7)
  5 orc priests
  2 hounds
  An iguana (D:5)
  Natasha (thrice) (D:3)
  3 orc wizards
  A scorpion zombie (D:5)
  5 gnolls
  8 adders
  A howler monkey skeleton (D:4)
  A white imp (D:4)
  A worm (D:5)
  2 dart slugs (D:2)
  19 orcs
  4 ball pythons
  5 bats
  6 endoplasms
  3 giant cockroaches (D:1)
  7 goblins
  12 hobgoblins
  6 quokkas
  2 frilled lizards
  8 kobolds
  3 rats
142 creatures vanquished.

Notes
Turn   | Place    | Note
-------+----------+-------------------------------------------
     0 | D:1      | Ijustatesigmund the Octopode Earth Elementalist began the
                  | quest for the Orb.
     0 | D:1      | Reached XP level 1. HP: 11/11 MP: 3/3
   263 | D:1      | Reached XP level 2. HP: 17/17 MP: 3/5
  1447 | D:1      | Reached XP level 3. HP: 19/21 MP: 6/6
  1451 | D:1      | Learned a level 3 spell: Stone Arrow
  1454 | D:1      | Learned a level 2 spell: Passwall
  2009 | D:1      | Reached skill level 1 in Conjurations
  2778 | D:2      | Found a faded altar of an unknown god.
  3156 | D:2      | Reached XP level 4. HP: 22/27 MP: 5/7
  3960 | D:3      | Found a stormy altar of Qazlal.
  3960 | D:3      | Found an ornate altar of the Wu Jian Council.
  4040 | D:3      | Noticed Natasha
  4045 | D:3      | Killed Natasha
  4046 | D:3      | Reached XP level 5. HP: 31/31 MP: 4/8
  4193 | D:3      | Found Mufaop's General Store.
  4220 | D:3      | Bought 2 potions of curing for 78 gold pieces
  4220 | D:3      | Bought a scroll of blinking for 97 gold pieces
  4598 | D:3      | Bought a scroll of identify for 26 gold pieces
  4598 | D:3      | Noticed Natasha
  4610 | D:3      | Killed Natasha
  4864 | D:3      | Noticed Pargi
  4866 | D:3      | Noticed Natasha
  5121 | D:3      | Killed Natasha
  5265 | D:3      | Killed Pargi
  5266 | D:3      | Reached XP level 6. HP: 36/36 MP: 1/11
  5355 | D:4      | You fall into a shaft and drop 3 floors!
  5790 | D:6      | Reached XP level 7. HP: 42/42 MP: 5/12
  5796 | D:6      | Learned a level 4 spell: Petrify
  5883 | D:6      | Noticed a human
  6123 | D:6      | Reached skill level 1 in Fighting
  6123 | D:6      | Noticed a human
  6150 | D:6      | Noticed a human
  6151 | D:6      | Noticed a human
  6169 | D:6      | Killed a human
  6182 | D:6      | Noticed a human
  6266 | D:6      | Noticed a human
  6269 | D:6      | Killed a human
  6270 | D:6      | Reached skill level 5 in Conjurations
  6270 | D:6      | Reached skill level 5 in Earth Magic
  6270 | D:6      | Reached XP level 8. HP: 36/51 MP: 3/14
  6293 | D:6      | Noticed Eustachio
  6594 | D:5      | Entered Level 5 of the Dungeon
  6918 | D:5      | Found a shadowy altar of Dithmenos.
  7067 | D:5      | Noticed Sigmund
  7568 | D:4      | Noticed Edmund
  7576 | D:4      | Killed Edmund
  7577 | D:4      | Reached skill level 1 in Maces & Flails
  7777 | D:4      | Reached XP level 9. HP: 57/57 MP: 9/16
  7875 | D:4      | Found a runed translucent gate.
  7875 | D:4      | Found a runed translucent gate.
  7875 | D:4      | Found a runed translucent gate.
  7879 | D:4      | Noticed aloneDruid's ghost (amateur HuCA)
  7939 | D:4      | Reached skill level 5 in Spellcasting
  8121 | D:4      | Found a staircase to the Ecumenical Temple.
  8239 | Temple   | Entered the Ecumenical Temple
  9427 | D:4      | Noticed Grinder
  9433 | D:4      | Killed Grinder
  9901 | D:5      | Learned a level 2 spell: Poisonous Vapours
  9936 | D:5      | Found Orch's Antique Weapon Shoppe.
 10208 | D:5      | Reached skill level 1 in Poison Magic
 10384 | D:5      | Killed Sigmund
 10385 | D:5      | Reached skill level 1 in Air Magic
 11579 | D:6      | Killed Eustachio
 12490 | D:7      | Reached skill level 1 in Evocations
 12490 | D:7      | Reached XP level 10. HP: 63/63 MP: 8/18
 12822 | D:7      | Noticed a cyclops
 12828 | D:7      | Killed a cyclops
 12829 | D:7      | Reached skill level 5 in Transmutations
 12948 | Temple   | Became a worshipper of Cheibriados the Contemplative
 13366 | D:8      | Noticed Harold
 13367 | D:8      | Noticed Erica
 13371 | D:8      | Killed Harold
 13372 | D:8      | Reached skill level 1 in Invocations
 14578 | D:7      | Killed Erica
 14735 | D:8      | Noticed Maurice
 14938 | D:8      | Noticed Laubgeist's ghost (novice DrIE)
 14962 | D:8      | Noticed a centaur warrior
 14968 | D:8      | Gained mutation: You sometimes lose the ability to read
                  | scrolls when taking damage. [potion of mutation]
 14968 | D:8      | Gained mutation: You tend to lose your temper in combat.
                  | [potion of mutation]
 14968 | D:8      | Gained mutation: You have hidden genetic defects. [potion
                  | of mutation]
 14968 | D:8      | Lost mutation: You tend to lose your temper in combat.
                  | [potion of mutation]
 14973 | D:8      | HP: 1/63 [something/iceblast (12)]
 14974 | D:8      | Killed from afar by Maurice

Illustrated notes

Levels and vault maps discovered:
D:1:      dpeg_chamrin_arrival_tetris, layout_basic, serial_forest,
          infiniplex_forest_lined_1, infiniplex_forest_clump_large,
          infiniplex_forest_join, infiniplex_forest_lined_4_way,
          infiniplex_forest_lined_3, infiniplex_forest_clump_tiny,
          infiniplex_forest_end_double, kennysheep_pointless_box,
          roderic_lattice_a, solitary_fountain
D:2:      layout_loops_ring, ebering_ecumenical_altar_hall, serial_aquarium,
          aquarium_bridge_island_small [aquarium_subvault_small_open,
          aquarium_subvault_window, aquarium_subvault_balcony,
          aquarium_subvault_bridge, aquarium_subvault_bridge],
          aquarium_window_1, aquarium_window_corridor_3, aquarium_window_fake,
          aquarium_view_2f, aquarium_balcony_double_4
D:3:      layout_rooms, jmf_multi_god_temple, serial_shops, nicolae_shop_stone,
          uniq_natasha, uniq_pargi
D:4:      layout_loops_corners, minmay_temple_entry_statues,
          gammafunk_ghost_necromancy, minmay_strange_pillars, st_stairs_14,
          uniq_edmund, uniq_grinder
D:5:      layout_layer_cave, grunt_dithmenos_shadows, serial_shops, shop,
          uniq_sigmund
D:6:      layout_gridville, minmay_ruffians, uniq_eustachio
D:7:      layout_loops_corners
D:8:      layout_rooms, nzn_ghost_randoct, uniq_maurice, uniq_erica,
          uniq_harold, uniq_psyche, uniq_grum
Temple:   lightli_temple_of_artemis

Skill      XL: |  1  2  3  4  5  6  7  8  9 10 |
---------------+-------------------------------+-----
Conjurations   | 2 3 4 5 6 |  6.7
Spellcasting   | 3 4 5 6 |  6.5
Earth Magic    | 4 5 6 |  6.8
Stealth        | 4 |  4.3
Fighting       | 2 3 |  3.2
Transmutations | 2 3 4 5 |  5.9
Maces & Flails | 1 2 |  2.2
Poison Magic   | 3 4 |  4.8
Air Magic      | 2 3 |  3.2
Dodging        | 3 |  3.0
Evocations     | 1 |  1.0
Invocations    | 2 |  2.9

Action                   |  1- 3 |  4- 6 |  7- 9 | 10-12 || total
-------------------------+-------+-------+-------+-------++-------
Melee: Unarmed           |     6 |       |       |       ||     6
       Tentacles         |     5 |       |    11 |     7 ||    23
       Constrict         |     8 |     1 |     8 |     6 ||    23
       Mace              |    22 |       |       |       ||    22
       Flail             |     3 |     9 |    22 |    19 ||    53
       Morningstar       |       |       |    22 |       ||    22
       Punch             |       |       |     1 |       ||     1
 Cast: Sandblast         |    40 |    39 |    16 |       ||    95
       Stone Arrow       |       |    12 |   111 |    33 ||   156
       Passwall          |       |       |     4 |       ||     4
       Poisonous Vapours |       |       |     2 |       ||     2
Evoke: Wand              |       |     8 |     7 |     6 ||    21
  Use: Scroll            |       |     5 |    10 |     1 ||    16
       Potion            |       |       |     4 |     4 ||     8
 Stab: Sleeping          |     2 |       |     2 |       ||     4
Armor: Skin              |     5 |     4 |     4 |     3 ||    16
Dodge: Dodged            |    31 |    27 |    67 |    28 ||   153
